 Dungeon Crawl Stone Soup version 0.29-a0-11-ga75d3d97ab (webtiles) character file.

Game seed: 9189732113229541704

356 HallandMoats the Skirmisher (level 6, -2/50 HPs)
             Began as a Ghoul Monk on Jan 28, 2022.
             Was an Elder of Hepliaklqana.
             Slain by Prince Ribbit (9 damage)
             ... on level 5 of the Dungeon.
             The game lasted 00:04:15 (4190 turns).

HallandMoats the Skirmisher (Ghoul Monk)            Turns: 4190, Time: 00:04:16

Health: -2/50      AC:  5    Str: 17    XL:     6   Next: 63%
Magic:  5/5        EV: 11    Int:  5    God:    Hepliaklqana [****..]
Gold:   208        SH:  0    Dex: 11    Spells: 5/5 levels left

rFire   . . .      SeeInvis .     - Unarmed
rCold   + . .      Faith    .   (no shield)
rNeg    + + +      Spirit   .   e - +0 ring mail
rPois   ∞          Reflect  .   (no helmet)
rElec   .          Harm     .   (no cloak)
rCorr   .          Rampage  .   (no gloves)
Will    .....                   (no boots)
Stlth   +.........              (no amulet)
HPRegen 0.00/turn               c - ring of flight
MPRegen 0.09/turn               (no ring)

@: flying, inhibited regen
A: reduced essence, claws 1, cold resistance 1, negative energy resistance 3,
inhibited regeneration, torment resistance 2
a: Renounce Religion, Recall Ancestor, Ancestor Identity, Transference, Idealise


You were on level 5 of the Dungeon.
You worshipped Hepliaklqana.
Hepliaklqana was greatly pleased with you.
You visited 1 branch of the dungeon, and saw 5 of its levels.

You collected 208 gold pieces.

Inventory:

Armour
 e - a +0 ring mail (worn)
Jewellery
 c - a ring of flight (left claw)
Wands
 a - a wand of flame (23)
Scrolls
 b - a scroll of amnesia
 f - 2 scrolls of enchant armour {unknown}
 g - a scroll of silence {unknown}
 i - a scroll of fog {unknown}
 k - 4 scrolls of identify {unknown}
 l - a scroll of teleportation
 m - a scroll of blinking {unknown}
 n - a scroll of fear {unknown}
Potions
 d - a potion of haste {unknown}
 h - a potion of resistance {unknown}
 j - 2 potions of curing {unknown}


   Skills:
 * Level 5.3 Fighting
 + Level 2.2 Armour
 + Level 3.6 Dodging
 - Level 2.1 Stealth
 * Level 5.2 Unarmed Combat


You had 5 spell levels left.
You didn't know any spells.
Your spell library contained the following spells:

 Spells                   Type           Power      Damage    Failure   Level
 Apportation              Tloc           0%         N/A       67%         1
 Summon Small Mammal      Summ           0%         N/A       67%         1
 Call Canine Familiar     Summ           0%         N/A       96%         3
 Conjure Flame            Conj/Fire      0%         6-21      96%         3
 Ignite Poison            Fire/Tmut/Pois 0%         N/A       96%         3
 Portal Projectile        Hex/Tloc       0%         N/A       96%         3
 Summon Guardian Golem    Hex/Summ       0%         N/A       96%         3
 Animate Dead             Necr           0%         N/A       100%        4
 Leda's Liquefaction      Hex/Erth       0%         N/A       100%        4
 Sticky Flame             Conj/Fire      0%         2d3       100%        4
 Alistair's Intoxication  Tmut/Pois      0%         N/A       100%        5
 Haunt                    Necr/Summ      0%         N/A       100%        7
 Infestation              Necr           0%         N/A       100%        8


Dungeon Overview and Level Annotations

Branches:
Dungeon (5/15)
 Temple: D:4-7

Altars:
Fedhas
Hepliaklqana
Qazlal

Shops:
D:2 [

Annotations:
D:5 Prince Ribbit


Innate Abilities, Weirdness & Mutations

Your life essence is reduced to manifest your ancestor. (-10% HP)
You thrive by killing the living.
You are immune to poison.
You have sharp fingernails.
Your flesh is cold resistant. (rC+)
You are immune to negative energy. (rN+++)
You do not regenerate when monsters are visible.
You are immune to unholy pain and torment.


Message History

You are too injured to fight recklessly!
You are too injured to fight recklessly!
You are too injured to fight recklessly!
You are too injured to fight recklessly!
You are too injured to fight recklessly!
You are too injured to fight recklessly!
You are too injured to fight recklessly!
You are too injured to fight recklessly!
You are too injured to fight recklessly!
You are too injured to fight recklessly!
You are too injured to fight recklessly!
You are too injured to fight recklessly!
You are too injured to fight recklessly!
You are too injured to fight recklessly!
You are too injured to fight recklessly!
You are too injured to fight recklessly!
You are too injured to fight recklessly!
You are too injured to fight recklessly!
You are too injured to fight recklessly!
You are too injured to fight recklessly!
Unknown command.
You miss Prince Ribbit.
Prince Ribbit is lightly wounded.
Prince Ribbit hops awkwardly around.
Prince Ribbit hits you.
Charizard hits Prince Ribbit with a +0 dagger of draining!
Prince Ribbit hits you!
* * * LOW HITPOINT WARNING * * *
Charizard misses Prince Ribbit.
What are your orders? t - Shout!
Orders for allies: a - Attack new target. r - Retreat! s - Stop attacking. g - Guard the area. f - Follow me.
Anything else - Cancel.
Gang up on whom?
Press: ? - help, Dir - move target, f - Prince Ribbit
Aim: Prince Ribbit (moderately wounded, ally target) Attack!
Prince Ribbit hits you!
You die...

...............##
(............).#
.............### ##
.............#.#..#
..................#
.................##
.....[............#
.................##
.......@........##
....$..FR....####
............##
.............#
............##
..............
..#............
...............
.....#........


You could see the friendly Charizard the hexer and Prince Ribbit (ally target).

Vanquished Creatures
  A black bear (D:4)
  A hound (D:4)
  Natasha (twice) (D:2)
  A hound skeleton (D:5)
  2 adders (D:5)
  2 dart slugs
  2 endoplasms
  4 giant cockroaches
  3 goblins
  5 hobgoblins
  9 kobolds
  A quokka (D:3)
  4 ball pythons
  3 bats
  A hobgoblin zombie (D:5)
  2 kobold zombies (D:5)
  3 rats
46 creatures vanquished.

Vanquished Creatures (collateral kills)
  A bullfrog skeleton (D:5)
  Natasha (D:2)
  An iguana (D:4)
  A mummy (D:5)
  A howler monkey skeleton (D:4)
  A worm (D:2)
  A quokka (D:2)
  A bat (D:3)
  2 kobolds (D:2)
  An orc zombie (D:5)
11 creatures vanquished.

Vanquished Creatures (others)
  A hexer (D:4)
1 creature vanquished.

Grand Total: 58 creatures vanquished

Notes
Turn   | Place    | Note
-------+----------+-------------------------------------------
     0 | D:1      | HallandMoats the Ghoul Monk began the quest for the Orb.
     0 | D:1      | Reached XP level 1. HP: 19/19 MP: 0/0
   149 | D:1      | Found a faded altar of an unknown god.
   154 | D:1      | Prayed at the altar of an unknown god.
   154 | D:1      | Became a worshipper of Hepliaklqana the Forgotten
   154 | D:1      | Reached * piety under Hepliaklqana
   154 | D:1      | Reached ** piety under Hepliaklqana
   155 | D:1      | Remembered your ancestor Charizard as a hexer
   214 | D:1      | Reached XP level 2. HP: 23/23 MP: 1/1
   225 | D:1      | Reached *** piety under Hepliaklqana
   888 | D:2      | Noticed Natasha
   896 | D:2      | Killed Natasha
   897 | D:2      | Reached XP level 3. HP: 19/29 MP: 2/2
  1165 | D:2      | Found Ral Beta's Armour Emporium.
  1317 | D:2      | Noticed Natasha
  1326 | D:2      | Killed Natasha
  1327 | D:2      | Reached skill level 1 in Armour
  1327 | D:2      | Reached XP level 4. HP: 26/36 MP: 3/3
  1759 | D:2      | Noticed Natasha
  1768 | D:2      | Killed Natasha
  2208 | D:3      | Reached **** piety under Hepliaklqana
  2524 | D:3      | Found a blossoming altar of Fedhas.
  2529 | D:3      | Found a stormy altar of Qazlal.
  2744 | D:4      | Reached XP level 5. HP: 42/42 MP: 4/4
  3212 | D:4      | Noticed a black bear
  3480 | D:4      | Killed a black bear
  3481 | D:4      | Reached skill level 5 in Fighting
  3481 | D:4      | Reached skill level 5 in Unarmed Combat
  3481 | D:4      | Reached XP level 6. HP: 25/50 MP: 5/5
  3837 | D:5      | Entered Level 5 of the Dungeon
  4182 | D:5      | Noticed Prince Ribbit
  4190 | D:5      | Slain by Prince Ribbit

Illustrated notes

Levels and vault maps discovered:
D:1:      lemuel_arrival_lava_pool, layout_loops_ring,
          shapermc_ecumenical_altar_acropolis
D:2:      layout_basic, serial_shops, nicolae_shop_advertising_works
          [nicolae_subvault_shop_adworks], uniq_natasha
D:3:      layout_loops_cross, grunt_temple_overflow_forces_of_nature
D:4:      layout_loops_cross
D:5:      layout_cave_pools, chei_slow_surprise,
          minmay_temple_entry_drinking_statues, minmay_mini_ossuary,
          uniq_prince_ribbit1

Skill      XL: |  1  2  3  4  5 |
---------------+----------------+-----
Fighting       | 4 5 |  5.3
Dodging        | 3 |  3.6
Armour         | 1 2 |  2.2
Unarmed Combat | 4 5 |  5.2
Stealth        | |  2.1

Action                   |  1- 3 |  4- 6 || total
-------------------------+-------+-------++-------
Melee: Unarmed           |    56 |   104 ||   160
       Punch             |     2 |     6 ||     8
Invok: Ancestor Life: He |     1 |       ||     1
       Ancestor Identity |     1 |       ||     1
  Use: Scroll            |     3 |       ||     3
 Stab: Sleeping          |     4 |     1 ||     5
       Confused          |       |     3 ||     3
Armor: Robe              |     7 |     3 ||    10
       Ring mail         |       |    29 ||    29
Dodge: Dodged            |    21 |    51 ||    72

Table legend: (Time is in decaauts)
 A = Elapsed time spent in this place.
 B = Non-inter-level travel time spent in this place.
 C = Inter-level travel time spent in this place.
 D = Time resting spent in this place.
 E = Time spent auto-exploring this place.
 F = Levels seen in this place.
 G = Mean time per level.
                   A        B        C        D        E       F      G
               +--------+--------+--------+--------+--------+-----+--------+
         Total |   4183 |   4076 |    107 |    198 |   3354 |   5 |  836.6 |
       Dungeon |   4183 |   4076 |    107 |    198 |   3354 |   5 |  836.6 |
               +--------+--------+--------+--------+--------+-----+--------+

Top non-repeatable levels by time:
     D:2: 1226 daAuts
     D:4: 985 daAuts
     D:1: 886 daAuts
     D:3: 735 daAuts
     D:5: 349 daAuts
